 Dungeon Crawl Stone Soup version 0.22-a0-445-g8c8ef71 (webtiles) character file.

1485 Gorglomux the Covered (level 8, 0/75 HPs)
             Began as a Deep Dwarf Fighter on June 2, 2018.
             Was an Initiate of Makhleb.
             Succumbed to an orc warrior's poison
             ... on level 6 of the Dungeon.
             The game lasted 00:03:15 (2541 turns).

Gorglomux the Covered (Deep Dwarf Fighter)          Turns: 2541, Time: 00:03:16

Health: 0/75       AC:  7    Str: 20    XL:     8   Next: 50%
Magic:  5/5        EV:  8    Int:  9    God:    Makhleb [......]
Gold:   265        SH: 10    Dex: 12    Spells: 7/7 levels left

rFire    . . .     SeeInvis .   a - +0 war axe
rCold    . . .     Gourm    .   c - +0 shield
rNeg     . . .     Faith    .   b - +0 scale mail
rPois    .         Spirit   .   (no helmet)
rElec    +         Reflect  .   (no cloak)
rCorr    .         Harm     .   (no gloves)
MR       +....                  (no boots)
Stlth    ..........             (no amulet)
HPRegen  0.00/turn              (no ring)
MPRegen  0.09/turn              (no ring)

@: lethally poisoned (0 -> -55), non-regenerating
A: damage resistance, heal wounds, sense surroundings 1, electricity resistance,
weak 1, MP-powered wands, no regeneration
a: Heal Wounds, Renounce Religion


You were on level 6 of the Dungeon.
You worshipped Makhleb.
Makhleb was noncommittal.
You were not hungry.

You visited 1 branch of the dungeon, and saw 6 of its levels.

You collected 265 gold pieces.

Inventory:

Hand Weapons
 a - a +0 war axe (weapon)
Armour
 b - a +0 scale mail (worn)
 c - a +0 shield (worn)
Jewellery
 n - a cursed ring of teleportation {unknown}
 s - an uncursed ring of see invisible {unknown}
Scrolls
 g - 5 scrolls of remove curse {unknown}
 h - a scroll of enchant weapon {unknown}
 j - a scroll of magic mapping {unknown}
 m - 5 scrolls of identify {unknown}
 p - 2 scrolls of blinking {unknown}
 u - a scroll of fog {unknown}
 v - a scroll of amnesia {unknown}
 y - a scroll of enchant armour {unknown}
 A - a scroll of teleportation {unknown}
Potions
 d - 2 potions of might
 x - a potion of berserk rage {unknown}
 z - a potion of brilliance
Comestibles
 f - 10 rations


   Skills:
 + Level 5.5 Fighting
 + Level 6.1 Axes
 + Level 6.7 Armour
 + Level 6.6 Shields


You had 7 spell levels left.
You didn't know any spells.
Your spell library was empty.

Dungeon Overview and Level Annotations

Branches:
Dungeon (6/15)
 Temple: D:4-7

Altars:
Elyvilon
Fedhas
Makhleb
Ru
Sif Muna
Xom

Shops:
D:5 [}

Annotations:
D:3 exclusion: door


Innate Abilities, Weirdness & Mutations

You are resistant to damage.
You can heal yourself by infusing magical energy.
You passively map a small area around you.
You do not regenerate.
You are resistant to electric shocks. (rElec)
You are weak. (Str -2)
You expend magic power (3 MP) to strengthen your wands.


Message History

The orc warrior butts you with a halberd of venom!!! * * * don't die
* * * You are more poisoned!
You cut the orc warrior but do no damage!
The orc warrior is almost dead!
You cut the orc wizard but do no damage! * * * don't die
* * * You feel very sick!
You block the orc wizard's attack! The orc wizard barely misses you!
The orc warrior hits you with a halberd of venom!!! * * * don't die
* * * You are more poisoned!
You open the orc butt like a pillowcase!!!
You annihilate the orc warrior!!!
Makhleb roars: ANNIHILATED!
You open the orc wizard like a pillowcase!
You annihilate the orc wizard!!!
Makhleb roars: ANNIHILATED! rip Xom snickers!!!

* ,
.............#
*
.............#
*
.............#
............#
...........<#
............##
.............#
.......).....#
*
.......[@....#
.......))...##
*
.....[<(...##
* ,
..##..##..##*
* , * .
#...*##!., , *
* , #.#.* #.##
* #.#. .# * .,
)#


There were no monsters in sight!

Vanquished Creatures
  The ghost of incide the Chopper, a novice HuWn (D:4)
  An orc warrior (D:6)
  A phantom (D:3)
  An ogre (D:4)
  A centaur (D:5)
  A scorpion (D:4)
  2 howler monkeys (D:4)
  A crimson imp (D:5)
  2 hounds (D:4)
  3 orc priests
  5 orc wizards
  An iguana (D:4)
  5 worker ants
  2 hound zombies (D:5)
  11 adders
  An ooze (D:3)
  An adder skeleton (D:5)
  6 worms
  4 leopard geckos
  15 orcs
  5 giant cockroaches
  5 goblins
  8 hobgoblins
  2 jackals (D:4)
  3 kobolds
  2 quokkas
  9 bats
  6 frilled lizards
  A jackal skeleton (D:5)
  A leopard gecko skeleton (D:4)
  7 rats
114 creatures vanquished.

Vanquished Creatures (collateral kills)
  An orc priest (D:5)
  An orc (D:5)
2 creatures vanquished.

Vanquished Creatures (others)
  8 toadstools (D:4)
8 creatures vanquished.

Grand Total: 124 creatures vanquished

Notes
Turn   | Place    | Note
-------+----------+-------------------------------------------
     0 | D:1      | Gorglomux the Deep Dwarf Fighter began the quest for the Orb.
     0 | D:1      | Reached XP level 1. HP: 20/20 MP: 1/1
   162 | D:1      | Reached XP level 2. HP: 22/27 MP: 2/2
   461 | D:2      | Reached skill level 3 in Fighting
   461 | D:2      | Reached XP level 3. HP: 15/34 MP: 3/3
   531 | D:2      | Found a shimmering altar of Xom.
   532 | D:2      | Found a shimmering altar of Xom.
   534 | D:2      | Found a shimmering altar of Xom.
   535 | D:2      | Found a shimmering altar of Xom.
   587 | D:2      | Reached skill level 3 in Axes
   725 | D:2      | Reached XP level 4. HP: 39/42 MP: 4/4
   730 | D:2      | Found a shimmering altar of Xom.
   733 | D:2      | Found a shimmering altar of Xom.
   734 | D:2      | Became a worshipper of Xom of Chaos
   841 | D:2      | XOM: divination: detect creatures
   871 | D:2      | Found a white marble altar of Elyvilon.
   944 | D:2      | XOM: silly message
  1124 | D:3      | XOM: harmless Summ miscast
  1155 | D:3      | Found a deep blue altar of Sif Muna.
  1202 | D:3      | Noticed a phantom
  1218 | D:3      | XOM: potion effect (might)
  1220 | D:3      | XOM: potion effect (heal wounds)
  1247 | D:3      | Killed a phantom
  1247 | D:3      | Reached XP level 5. HP: 35/49 MP: 5/5
  1291 | D:3      | XOM: potion effect (invisibility)
  1510 | D:4      | XOM: potion effect (haste)
  1513 | D:4      | Reached XP level 6. HP: 28/57 MP: 6/6
  1529 | D:4      | XOM: smoke on damage
  1534 | D:4      | XOM: potion effect (brilliance)
  1561 | D:4      | Noticed incide's ghost (novice HuWn)
  1565 | D:4      | XOM: divination: magic mapping
  1571 | D:4      | XOM: potion effect (brilliance)
  1578 | D:4      | XOM: divination: detect creatures
  1582 | D:4      | HP: 2/57 [incide's ghost (7)]
  1584 | D:4      | XOM: divination: magic mapping
  1594 | D:4      | XOM: potion effect (agility)
  1609 | D:4      | Killed incide's ghost
  1609 | D:4      | Reached XP level 7. HP: 35/66 MP: 6/6
  1674 | D:4      | XOM: cloud trail
  1789 | D:4      | XOM: harmless Tmut miscast
  1827 | D:4      | XOM: potion effect (curing)
  1834 | D:4      | Reached skill level 6 in Armour
  1834 | D:4      | Reached skill level 6 in Shields
  1835 | D:4      | XOM: potion effect (curing)
  1841 | D:4      | Reached XP level 8. HP: 47/74 MP: 7/7
  1971 | D:5      | Entered Level 5 of the Dungeon
  1999 | D:5      | XOM: harmless Pois miscast
  2024 | D:5      | Found Ducvi's Gadget Emporium.
  2043 | D:5      | Found Dosot's Armour Shop.
  2090 | D:5      | Found a burning altar of Makhleb.
  2090 | D:5      | Noticed a blizzard demon
  2112 | D:5      | XOM: harmless Necr miscast
  2116 | D:5      | XOM: cast spell 'Discord'
  2156 | D:5      | Noticed an orange demon
  2156 | D:5      | Noticed a smoke demon
  2158 | D:5      | Fell from the grace of Xom
  2158 | D:5      | Became a worshipper of Makhleb the Destroyer
  2223 | D:5      | XOM: summons 7 hostile demons
  2273 | D:5      | Found a blossoming altar of Fedhas.
  2274 | D:5      | Found a sacrificial altar of Ru.
  2529 | D:6      | Reached skill level 6 in Axes
  2535 | D:6      | Gained mutation: You expend magic power (3 MP) to strengthen your wands. [potion of mutation]
  2535 | D:6      | Gained mutation: You are weak. (Str -2) [potion of mutation]
  2535 | D:6      | Gained mutation: You are resistant to electric shocks. (rElec) [potion of mutation]
  2541 | D:6      | Succumbed to an orc warrior's poison

Vault maps used:
D:1:      lightli_molten_gateway
D:2:      xom_redecorated, first_ration, elyvilon_altar_5
D:3:      led_sif_book
D:4:      cheibrodos_fertilizer
D:5:      nicolae_overflow_hidden_temple, serial_shops, shop,
          nicolae_shop_trees, minmay_stone_trees_small,
          makhleb_altar_promises_db
D:6:      chequers_ossuary_entry_cave, uniq_duvessa

Skill      XL: |  1  2  3  4  5  6  7  8 |
---------------+-------------------------+-----
Fighting       | 3 4 5 |  5.5
Axes           | 3 4 5 6 |  6.1
Armour         | 4 5 6 |  6.7
Shields        | 4 5 6 |  6.6

Action                   |  1- 3 |  4- 6 |  7- 9 || total
-------------------------+-------+-------+-------++-------
Melee: War axe           |    77 |   193 |   157 ||   427
 Abil: Heal Wounds       |     1 |     4 |     7 ||    12
  Use: Potion            |       |     6 |     1 ||     7
 Stab: Invisible         |       |     5 |       ||     5
  Eat: Chunk             |       |     3 |     3 ||     6
Armor: Scale mail        |    44 |   100 |   142 ||   286
       Skin              |       |    19 |     4 ||    23
Dodge: Dodged            |    27 |    64 |    99 ||   190
Block: Shield            |    51 |   157 |   147 ||   355

Table legend:
 A = Spawn XP
 B = Non-spawn XP
 C = Spawn XP percentage of total XP
 D = Spawn monster count
 E = Non-spawn monster count
 F = Spawn count percentage of total count
 G = Total turns spent on level
                    A         B        C        D         E        F      G
               +---------+---------+-------+---------+---------+-------+---------
         Total |       0 |    2122 |   0.0 |       0 |     116 |   0.0 |  2541
               +---------+---------+-------+---------+---------+-------+---------
           D:1 |       0 |      23 |   0.0 |       0 |      13 |   0.0 |   403
           D:2 |       0 |     107 |   0.0 |       0 |      26 |   0.0 |   705
           D:3 |       0 |     205 |   0.0 |       0 |      24 |   0.0 |   394
           D:4 |       0 |    1167 |   0.0 |       0 |      29 |   0.0 |   469
           D:5 |       0 |     367 |   0.0 |       0 |      20 |   0.0 |   536
           D:6 |       0 |     253 |   0.0 |       0 |       4 |   0.0 |    34
               +---------+---------+-------+---------+---------+-------+---------
